 Dungeon Crawl Stone Soup version 0.31.0-9-g3a7656b989 (webtiles) character file.

Game seed: 11860694982881422745

40 Arctor the Vexing (level 3, -8/21 HPs)
             Began as a Kobold Hexslinger on Jan 25, 2024.
             Killed by divine providence
             ... invoked by an orc priest
              (16 damage)
             ... on level 3 of the Dungeon.
             The game lasted 00:01:06 (1116 turns).

Arctor the Vexing (Kobold Hexslinger)               Turns: 1116, Time: 00:01:07

Health: -8/21      AC:  2    Str:  5    XL:     3   Next: 72%
Magic:  2/5        EV: 15    Int: 14    God:
Gold:   64         SH:  0    Dex: 19    Spells: 3/5 levels left

rFire   . . .        a - +1 sling
rCold   . . .        (no shield)
rNeg    . . .        c - +0 robe
rPois   .            (no helmet)
rElec   .            (no cloak)
rCorr   .            (no gloves)
SInv    .            (no boots)
Will    .....        (no amulet)
Stlth   +++          (no ring)
HPRegen 0.23/turn    (no ring)
MPRegen 0.09/turn

%: no passive effects
@: weak-willed
A: small, no large weapons, nightstalker 3
a: no special abilities


You were on level 3 of the Dungeon.
You visited 1 branch of the dungeon, and saw 3 of its levels.

You collected 64 gold pieces.

Inventory:

Hand Weapons
 a - a +1 sling (weapon)
Armour
 c - a +0 robe (worn)
Jewellery
 m - a ring of protection from fire
 p - a ring of willpower
Scrolls
 b - a scroll of poison
 f - 2 scrolls of fog {unknown}
 g - 5 scrolls of identify {unknown}
 i - a scroll of noise {unknown}
 l - a scroll of butterflies {unknown}
 o - a scroll of blinking {unknown}
 q - a scroll of amnesia {unknown}
Potions
 d - 2 potions of ambrosia {unknown}
 e - 2 potions of heal wounds {unknown}
 h - a potion of mutation {unknown}
 j - a potion of berserk rage {unknown}
 k - a potion of haste {unknown}
 n - a potion of cancellation {unknown}


   Skills:
 + Level 1.7 Fighting
 + Level 3.1 Ranged Weapons
 + Level 3.0 Dodging
 + Level 1.6 Spellcasting
 + Level 3.3 Hexes
 - Level 1.3 Fire Magic


You had 3 spell levels left.
You knew the following spells:

 Your Spells              Type           Power      Damage    Failure   Level
a - Jinxbite              Hex            20%        N/A       10%         2

Your spell library contained the following spells:

 Spells                   Type           Power      Damage    Failure   Level
 Sigil of Binding         Hex            10%        N/A       19%         3
 Sting                    Conj/Alch      4%         1d3       26%         1
 Inner Flame              Hex/Fire       7%         N/A       28%         3
 Mercury Vapours          Alch/Air       2%         N/A       36%         2
 Cause Fear               Hex            5%         N/A       54%         4
 Dimensional Bullseye     Hex/Tloc       2%         N/A       77%         4
 Olgreb's Toxic Radiance  Alch           1%         N/A       94%         4


Dungeon Overview and Level Annotations

Branches:
Dungeon (3/15)

Altars:
Vehumet

Shops:
D:2 [


Innate Abilities, Weirdness & Mutations

You are small and have problems with some larger weapons.
You are completely attuned to the shadows.


Message History

You kill the orc!
You shoot a sling bullet. The sling bullet hits the orc priest.
The orc priest is heavily wounded.
You shoot a sling bullet.
The sling bullet barely misses the orc priest.
The sling bullet closely misses the orc.
The jinxing sprites lose interest in you.
The orc priest hits you with a +0 dagger.
The orc priest closely misses you.
Casting: Jinxbite (safe; 10% risk of failure)
Confirm with . or Enter, or press ? or * to list all spells.
You beckon some vexing sprites to accompany your attacks.
You feel your willpower being sapped. The orc priest barely misses you.
You shoot a sling bullet.
The sling bullet barely misses the orc priest.
The sling bullet hits the orc.
The orc is lightly wounded.
A giggling sprite leaps out and smacks the orc priest with its own hand.
The orc priest is heavily wounded.
The orc priest hits you with a +0 dagger.
You shoot a sling bullet.
The sling bullet hits the orc priest but does no damage.
The orc priest is heavily wounded.
The orc priest calls upon Beogh to heal the orc.
Unknown command.
You shoot a sling bullet.
The sling bullet closely misses the orc priest.
The sling bullet barely misses the orc.
A giggling sprite leaps out and smacks the orc priest with its own hand.
The orc priest is almost dead.
The jinxing sprites lose interest in you.
The orc priest hits you with a +0 dagger.
You are too injured to fight recklessly!
You shoot a sling bullet.
The sling bullet completely misses the orc priest.
The orc priest hits you with a +0 dagger.
The orc priest invokes the aid of Beogh against you.
Beogh smites you!
Ouch! That really hurt!
You die...

#.. .o.
#)# #o#
####@#
..#.#
#.#.#
#.#.####
#.......
#..#####
####..#
#
...#..#
# #....#
##


You could see an orc priest (very drained) and an orc.

Vanquished Creatures
  A dart slug (D:2)
  2 orcs (D:3)
  8 ball pythons
  3 endoplasms
  4 goblins
  A hobgoblin (D:1)
  A quokka (D:2)
  5 bats
  3 frilled lizards
  5 kobolds
  2 rats (D:1)
35 creatures vanquished.

Notes
Turn   | Place    | Note
-------+----------+-------------------------------------------
     0 | D:1      | Arctor the Kobold Hexslinger began the quest for the Orb.
     0 | D:1      | Reached XP level 1. HP: 12/12 MP: 2/2
   111 | D:1      | Reached XP level 2. HP: 16/16 MP: 3/3
   248 | D:1      | Learned a level 2 spell: Jinxbite
   540 | D:1      | Reached XP level 3. HP: 20/20 MP: 5/5
   583 | D:2      | Found Laonunom's Antique Armour Boutique.
  1045 | D:3      | Found a radiant altar of Vehumet.
  1116 | D:3      | Killed from afar by an orc priest

Illustrated notes

Levels and vault maps discovered:
D:1:      minmay_arrival_semitransparent, layout_basic
D:2:      layout_rooms, serial_shops, shop, kennysheep_generic_room_8
D:3:      corexii_shack_village, layout_loops_ring,
          eat_drink_and_be_merry_uskayaw, fiery_altar_vehumet

Skill      XL: |  1  2  3 |
---------------+----------+-----
Ranged Weapons | 3 |  3.1
Dodging        | 3 |  3.0
Fighting       | |  1.7
Spellcasting   | |  1.6
Hexes          | |  3.3
Fire Magic     | |  1.3

Action                     || total
---------------------------++-------
   Fire: Sling             ||    93
   Cast: Jinxbite          ||     2
 Armour: Robe              ||    28
  Dodge: Dodged            ||    42
